 Dungeon Crawl Stone Soup version 0.17-a0-1701-gf693a3f (console) character file.

253 Monkaria the Scratcher (level 5, 0/24 HPs)
             Began as a Felid Chaos Knight on Aug 20, 2015.
             Slain by a water moccasin skeleton (6 damage)
             ... on level 4 of the Dungeon.
             The game lasted 00:05:04 (3936 turns).

Monkaria the Scratcher (Felid Chaos Knight)         Turns: 3936, Time: 00:05:04

Health: 0/24       AC:  1    Str:  9    XL:     5   Next: 90%
Magic:  6/6        EV: 18    Int: 13    God:    Xom [*.....]
Gold:   329        SH:  0    Dex: 14    Spells: 0 memorised, 4 levels left
                                        Lives:  0   Deaths: 1

rFire  + . .     SeeInvis +       - Unarmed
rCold  . . .     Clarity  .     (armour unavailable)
rNeg   . . .     SustAt   .     (shield unavailable)
rPois  .         Gourm    .     (helmet unavailable)
rElec  .         Spirit   .     (cloak unavailable)
rCorr  .         Warding  .     (gloves unavailable)
rMut   .         Stasis   .     (boots unavailable)
MR     .....                    (no amulet)
Stlth  +.........               (no ring)
                                d - ring of protection from fire

@: confused, quick, not resistant to hostile enchantments, very unstealthy
A: no armour, no weapons or thrown items, claws 1, fangs 3, see invisible,
carnivore 3, clumsy 1, speed 1, shaggy fur 1, slow metabolism 1, sharp paws
a: Renounce Religion


You were on level 4 of the Dungeon.
You worshipped Xom.
You were a special plaything of Xom.
You were very full.

You visited 1 branch of the dungeon, and saw 4 of its levels.
You visited the Abyss 1 time.

You collected 329 gold pieces.

Inventory:

Jewellery
 d - a ring of protection from fire (left paw)
Scrolls
 c - 4 scrolls of teleportation
 f - a scroll of identify
 h - 2 scrolls of amnesia
 k - a scroll of fog {unknown}
Potions
 b - a potion of lignification
 e - a potion of curing
 g - a potion of haste
 j - a potion of degeneration {unknown}
Comestibles
 a - a meat ration
 i - a beef jerky


   Skills:
 - Level 3.0 Fighting
 + Level 3.2 Dodging
 - Level 7.0 Unarmed Combat


You had 4 spell levels left.
You didn't know any spells.

Dungeon Overview and Level Annotations

Branches:
Dungeon (4/15)             Temple (0/1) D:4

Altars:
Dithmenos
Qazlal

Annotations:
D:3 Ijyb


Innate Abilities, Weirdness & Mutations

You cannot wear armour.
You are incapable of wielding weapons or throwing items.
You have sharp claws.
You have razor-sharp teeth.
You have supernaturally acute eyesight.
You are carnivorous and can eat meat at any time.
You cover ground quickly.
You are covered in fur (AC +1).
You have a slow metabolism.
Your sharp claws are effective at attacking unaware monsters.
You are clumsy. (Dex -2)


Message History

Your butterfly appears confused.
The water moccasin skeleton bites you.
* * * LOW HITPOINT WARNING * * *
Your butterfly is engulfed in noxious fumes.
Your butterfly appears confused.
Your butterfly dies!
Your butterfly is engulfed in noxious fumes.
Your butterfly appears confused.
Unknown command.
You swap places.
You are engulfed in noxious fumes.
You choke on the stench!
You are confused.
Your butterfly is engulfed in noxious fumes.
Your butterfly appears confused.
Your butterfly is engulfed in noxious fumes.
Your butterfly appears confused.
Your butterfly dies!
You bump into the rock wall.
You are engulfed in noxious fumes.
The water moccasin skeleton bites you.
You die...
Xom chuckles heartily!

#...##.###.......###
#............###.#
#...##.###...# #.#
#..###.# #...# #.#
#..# #.###...###.##
#..# #......[##...##
##.)#######...##.....
#.....# #.#.##...##
##§#@§# #.#.###.###
#§§Z§# #.#.# #.# #
##§#§# #.#.# #.# # #b
.# #.#.# #[### #. .#
#.#.###.... #. .#
#.#...##### .. ..
#.......... #. ..
#...>...... #. ..
#....>.####


You could see a water moccasin skeleton.

Vanquished Creatures
  A crimson imp (D:4)
  Jessica (D:2)
  3 worker ants (D:4)
  An iguana (D:4)
  A hound skeleton (D:4)
  A river rat (D:3)
  6 adders
  2 oozes
  A worm (D:2)
  7 giant geckos
  6 orcs
  6 goblins
  6 hobgoblins
  8 jackals
  12 kobolds
  2 quokkas (D:2)
  2 bats (D:1)
  6 giant newts
  8 rats
  A bush (D:2)
81 creatures vanquished.

Vanquished Creatures (others)
  A plant (D:2)
1 creature vanquished.

Grand Total: 82 creatures vanquished

Notes
Turn   | Place    | Note
--------------------------------------------------------------
     0 | D:1      | Monkaria the Felid Chaos Knight began the quest for the Orb.
     0 | D:1      | Reached XP level 1. HP: 10/10 MP: 2/2
   377 | D:1      | Reached XP level 2. HP: 14/14 MP: 3/3
   481 | D:1      | XOM: potion effect (might)
   489 | D:1      | Reached skill level 4 in Unarmed Combat
   780 | D:2      | XOM: harmless Tloc miscast
   817 | D:2      | Reached XP level 3. HP: 13/17 MP: 4/4
   839 | D:2      | XOM: butterfly on damage
  1192 | D:2      | Noticed Jessica
  1200 | D:2      | Killed Jessica
  1236 | D:2      | Reached XP level 4. HP: 17/21 MP: 5/5
  1252 | D:2      | Reached skill level 5 in Unarmed Combat
  1530 | D:2      | XOM: harmless Erth miscast
  1581 | D:2      | XOM: colour smoke trail
  1887 | D:3      | XOM: noise
  1982 | D:3      | XOM: give mutations
  1982 | D:3      | Gained mutation: You are clumsy. (Dex -2) [Xom's mischief]
  1982 | D:3      | Gained mutation: You are very clumsy. (Dex -4) [Xom's mischief]
  1982 | D:3      | Lost mutation: You are very clumsy. (Dex -4) [Xom's mischief]
  2165 | D:3      | Noticed Ijyb
  2165 | D:3      | Noticed Ijyb
  2165 | D:3      | Ijyb changed into Ijyb the fire bat
  2165 | D:3      | XOM: polymorph Ijyb -> Ijyb the fire bat
  2170 | D:3      | XOM: fog
  2173 | D:3      | Slain by Ijyb the fire bat
  2174 | D:3      | Reached XP level 3. HP: 0/17 MP: 4/4
  2184 | D:3      | XOM: polymorph adder -> river rat
  2234 | D:3      | Reached XP level 4. HP: 18/21 MP: 5/5
  2469 | D:4      | XOM: noise
  2476 | D:4      | Reached skill level 6 in Unarmed Combat
  2787 | D:4      | Found a stormy altar of Qazlal.
  2787 | D:4      | Found a shadowy altar of Dithmenos.
  2929 | D:4      | Reached XP level 5. HP: 11/24 MP: 6/6
  3190 | D:4      | XOM: severe Tloc miscast
  3190 | D:4      | Cast into the Abyss (the severe capriciousness of Xom)
  3254 | D:4      | Escaped the Abyss
  3278 | D:4      | Noticed an ogre
  3285 | D:4      | XOM: butterfly on damage
  3665 | D:4      | XOM: butterfly on damage
  3667 | D:4      | XOM: smoke on damage
  3672 | D:4      | XOM: confusion
  3687 | D:4      | Reached skill level 7 in Unarmed Combat
  3856 | D:4      | Found a staircase to the Ecumenical Temple.
  3931 | D:4      | XOM: butterfly on damage
  3934 | D:4      | XOM: mild Air miscast
  3936 | D:4      | Slain by a water moccasin skeleton

Vault maps used:
D:1:      mrwooster_arrival_statue_3, serial_bayou_pond_a
D:2:      minmay_misc_feat_doors, lexackson_kobold_supper, uniq_jessica
D:3:      minmay_misc_feat_hallway, uniq_iyjb
D:4:      gammafunk_temple_overflow_pools, minmay_temple_entry_nine_rooms

Action                   |  1- 3 |  4- 6 || total
-------------------------+-------+-------++-------
Melee: Unarmed           |    74 |   206 ||   280
  Use: Scroll            |     6 |     5 ||    11
       Potion            |       |     3 ||     3
 Stab: Sleeping          |     2 |       ||     2
  Eat: Chunk             |    10 |     8 ||    18
